 Dungeon Crawl Stone Soup version 0.19.1 (webtiles) character file.

356 NoWolfie the Skirmisher (level 6, -1/52 HPs)
             Began as a Human Wanderer on Nov 27, 2016.
             Shot with an arrow by a centaur (9 damage)
             ... on level 5 of the Dungeon.
             The game lasted 00:27:20 (2421 turns).

NoWolfie the Skirmisher (Human Wanderer)            Turns: 2421, Time: 00:27:20

Health: -1/52      AC:  3    Str: 10    XL:     6   Next: 96%
Magic:  7/7        EV: 13    Int: 15    God:
Gold:   118        SH:  0    Dex: 14    Spells: 0 memorised, 5 levels left

rFire  . . .     SeeInvis .     b - +0 hand crossbow
rCold  . . .     Gourm    .     e - +0 robe
rNeg   . . .     Faith    .     (no shield)
rPois  .         Spirit   .     (no helmet)
rElec  .         Reflect  .     m - +0 cloak
rCorr  .         Harm     .     (no gloves)
MR     .....                    (no boots)
Stlth  ++........               (no amulet)
                                (no ring)
                                (no ring)

@: no status effects
A: no striking features
a: no special abilities


You were on level 5 of the Dungeon.
You were not hungry.

You visited 1 branch of the dungeon, and saw 5 of its levels.

You collected 118 gold pieces.

Inventory:

Hand Weapons
 a - a +2 mace
 b - a +0 hand crossbow (weapon)
 l - a +2 quarterstaff of chaos
 t - a +0 shortbow
Missiles
 c - 30 bolts (quivered)
 s - 19 poisoned needles
 u - 17 arrows
Armour
 e - a +0 robe (worn)
 m - a +0 cloak (worn)
Wands
 n - a wand of polymorph (3/24)
Scrolls
 g - 2 scrolls of remove curse {unknown}
 i - a scroll of amnesia {unknown}
 o - a scroll of fear {unknown}
 q - 3 scrolls of identify {unknown}
Potions
 d - a potion of curing
 h - a potion of heal wounds {unknown}
 j - a potion of haste {unknown}
 k - 2 potions of ambrosia {unknown}
 p - a potion of lignification {unknown}
 r - a potion of agility {unknown}
Comestibles
 f - a bread ration


   Skills:
 - Level 6.0 Fighting
 - Level 1.0 Maces & Flails
 * Level 1.2 Bows
 + Level 3.8 Crossbows
 - Level 1.0 Armour
 * Level 3.5 Dodging
 + Level 3.1 Stealth
 - Level 2.0 Evocations


You had 5 spell levels left.
You didn't know any spells.

Dungeon Overview and Level Annotations

Branches:
Dungeon (5/15)
 Temple: D:4-7

Altars:


Message History

You hear the slow rusting of a distant drain.
You start resting.
A centaur comes into view.
Firing (i - inventory):
c - 32 bolts (quivered)
Press: ? - help, Shift-Dir - straight line, f - centaur
Aim: a centaur (hasn't noticed you)
You shoot a bolt. The bolt hits the centaur.
The centaur is lightly wounded.
The centaur wields a shortbow.
The centaur shoots an arrow.
The arrow closely misses you.
The centaur shoots an arrow.
The arrow hits you!
Firing (i - inventory):
c - 31 bolts (quivered)
Press: ? - help, Shift-Dir - straight line, f/p - centaur
Aim: a centaur, wielding a shortbow (lightly wounded)
You shoot a bolt. The bolt hits the centaur!
The centaur is heavily wounded.
The centaur shoots an arrow.
The arrow hits you!
You feel better.
The centaur shoots an arrow.
The arrow hits you!
* * * LOW HITPOINT WARNING * * *
The centaur shoots an arrow.
The arrow hits you!
You die...

#..... ..... ....
...########
..#......#
####.#......#
#....#<.....#######..
#....................
#..............@#####
##.##.........###
..<$........#
###.........#
......)....#
####..c...<.#
##....##.. #..#.####.
#..#. ..


You could see a centaur.

Vanquished Creatures
  An ice beast (D:5)
  A howler monkey (D:4)
  Crazy Yiuf (D:2)
  A centaur skeleton (D:4)
  Ijyb (D:2)
  Natasha (twice) (D:2)
  A worker ant (D:4)
  2 adders (D:4)
  3 worms
  A dart slug (D:5)
  3 leopard geckos
  2 orcs
  A giant cockroach (D:1)
  2 goblins (D:1)
  4 hobgoblins
  2 jackals (D:2)
  3 kobolds
  4 ball pythons
  A bat (D:2)
  3 frilled lizards
  A jackal skeleton (D:4)
  5 rats
45 creatures vanquished.

Notes
Turn   | Place    | Note
-------+----------+-------------------------------------------
     0 | D:1      | NoWolfie the Human Wanderer began the quest for the Orb.
     0 | D:1      | NoWolfie set off with: a +2 mace, a +0 hand crossbow, 27 bolts, a potion of curing, a +0 robe, a bread ration
     0 | D:1      | Reached XP level 1. HP: 22/22 MP: 2/2
   470 | D:1      | Reached skill level 1 in Crossbows
   520 | D:1      | Reached XP level 2. HP: 28/28 MP: 3/3
   562 | D:1      | Reached skill level 1 in Stealth
   923 | D:2      | Reached XP level 3. HP: 33/34 MP: 4/4
   970 | D:2      | Found a runed door.
   974 | D:2      | Noticed Crazy Yiuf
   978 | D:2      | Killed Crazy Yiuf
   978 | D:2      | Reached skill level 1 in Dodging
   978 | D:2      | Reached XP level 4. HP: 40/40 MP: 5/5
  1085 | D:2      | Noticed Natasha
  1097 | D:2      | Killed Natasha
  1453 | D:2      | Noticed Natasha
  1460 | D:2      | Killed Natasha
  1460 | D:2      | Reached XP level 5. HP: 35/46 MP: 6/6
  1494 | D:2      | Noticed Ijyb
  1506 | D:2      | Killed Ijyb
  1874 | D:4      | Reached XP level 6. HP: 44/52 MP: 7/7
  2277 | D:5      | Entered Level 5 of the Dungeon
  2277 | D:5      | Noticed an ice beast
  2289 | D:5      | Killed an ice beast
  2289 | D:5      | Reached skill level 1 in Bows
  2421 | D:5      | Shot with an arrow by a centaur

Skill      XL: |  1  2  3  4  5  6 |
---------------+-------------------+-----
Crossbows      | 1 2 3 |  3.8
Stealth        | 1 2 3 |  3.1
Dodging        | 1 2 3 |  3.5
Bows           | 1 |  1.2
Fighting       | |  6.0
Maces & Flails | |  1.0
Armour         | |  1.0
Evocations     | |  2.0

Action                   |  1- 3 |  4- 6 || total
-------------------------+-------+-------++-------
Melee: Quarterstaff      |       |    37 ||    37
 Fire: Hand crossbow     |    45 |    54 ||    99
       Shortbow          |       |     9 ||     9
  Use: Potion            |       |     1 ||     1
  Eat: Bread ration      |     1 |       ||     1
Armor: Robe              |     4 |     7 ||    11
Dodge: Dodged            |    12 |    37 ||    49
